[Event "December 12 Late 2023"]
[Site "https://www.chess.com"]
[Date "2023.12.12"]
[Round "3"]
[White "Goltsev, Dmitry"]
[Black "Indjic, Aleksandar"]
[Result "0-1"]
[Board "28"]
[TimeControl "180+1"]
[WhiteFideId "24176710"]
[BlackFideId "911925"]
[WhiteElo "2666"]
[BlackElo "2899"]
[WhiteTeam "RUS"]
[BlackTeam "SRB"]
[WhiteClock "0:00:41"]
[BlackClock "0:01:50"]

1. e4 c5 2. Nf3 a6 3. b3 e6 4. Bb2 Nc6 5. d4 cxd4 6. Nxd4 Nxd4 7. Qxd4 Ne7 8. Be2 Nc6 9. Qd3 b5 10. O-O Bb7 11. a3 f6 12. Nd2 Bc5 13. Nf3 Qe7 14. Rad1 Rd8 15. b4 Ba7 16. c4 bxc4 17. Qxc4 O-O 18. Rd2 Rc8 19. Qb3 Rc7 20. Rfd1 f5 21. exf5 Rxf5 22. Bc4 d5 23. Bd3 Rxf3 24. gxf3 Qh4 25. Bf1 Rf7 26. Re1 Qg5+ 27. Kh1 Qxd2 28. Rxe6 Ne7 29. Qa4 Qxf2 0-1

[Event "December 12 Late 2023"]
[Site "https://www.chess.com"]
[Date "2023.12.12"]
[Round "3"]
[White "Karacsonyi, Gellert"]
[Black "Kovalev, Vladislav"]
[Result "0-1"]
[Board "29"]
[TimeControl "180+1"]
[WhiteFideId "764620"]
[BlackFideId "13504398"]
[WhiteElo "2656"]
[BlackElo "2891"]
[WhiteTeam "HUN"]
[BlackTeam "FID"]
[WhiteClock "0:01:02"]
[BlackClock "0:00:11"]

1. e4 e5 2. Nf3 Nc6 3. Bb5 a6 4. Bxc6 dxc6 5. O-O Bd6 6. d4 exd4 7. Qxd4 f6 8. Be3 Ne7 9. Nbd2 Be6 10. Rfd1 Ng6 11. Nc4 Bxc4 12. Qxc4 Qe7 13. b4 O-O-O 14. a4 Ne5 15. Nxe5 Qxe5 16. f4 Qh5 17. b5 cxb5 18. axb5 Qxb5 19. Qxb5 axb5 20. Ra5 Rhe8 21. Rxb5 Rxe4 22. Kf2 Bxf4 23. Rxd8+ Kxd8 24. Bxf4 Rxf4+ 25. Kg3 Rc4 26. Rxb7 Rc3+ 27. Kf2 Rxc2+ 28. Kf3 Ke7 29. Rb8 h5 30. h4 Kf7 31. Rh8 Kg6 32. Rc8 Rc3+ 33. Kf4 Rc4+ 34. Kg3 Kf5 35. Kh3 Rc3+ 36. g3 c5 37. Rc7 g6 38. Rc8 Rc2 39. Rh8 c4 40. Rc8 g5 41. Rc5+ Kg6 42. hxg5 fxg5 43. g4 Rc3+ 44. Kg2 hxg4 45. Kf2 g3+ 46. Kg2 Kf6 47. Kh3 g4+ 48. Kg2 Ke6 49. Rg5 Re3 50. Rxg4 c3 51. Rc4 Kd5 52. Rc8 Kd4 53. Rd8+ Kc4 54. Rc8+ Kd3 55. Rb8 c2 56. Rd8+ Ke2 57. Rc8 Kd2 0-1

[Event "December 12 Late 2023"]
[Site "https://www.chess.com"]
[Date "2023.12.12"]
[Round "3"]
[White "Mendes Aaron Reeve"]
[Black "Szpar, Milosz"]
[Result "0-1"]
[Board "30"]
[TimeControl "180+1"]
[WhiteFideId "25954938"]
[BlackFideId "1184989"]
[WhiteElo "2655"]
[BlackElo "2888"]
[WhiteTeam "CAN"]
[BlackTeam "POL"]
[WhiteClock "0:00:14"]
[BlackClock "0:00:16"]

1. e4 e6 2. Nf3 d5 3. Nc3 d4 4. Ne2 c5 5. d3 Nc6 6. g3 e5 7. Bg2 Be7 8. O-O g5 9. c3 g4 10. Ne1 h5 11. f4 gxf3 12. Nxf3 h4 13. gxh4 Bxh4 14. Qb3 Qc7 15. Qd5 Be6 16. Qxc5 Be7 17. Qb5 a6 18. Qa4 O-O-O 19. cxd4 exd4 20. Bf4 Bd6 21. Bxd6 Rxd6 22. Rac1 Kb8 23. e5 Rd8 24. Nexd4 Qb6 25. Rxc6 bxc6 26. Kh1 Ne7 27. Rc1 Bd5 28. Rc3 c5 29. Nb3 Bxf3 30. Bxf3 Qh6 31. Rc2 Qh3 32. Bg2 Qxh2# 0-1

[Event "December 12 Late 2023"]
[Site "https://www.chess.com"]
[Date "2023.12.12"]
[Round "3"]
[White "Popov, Konstantin"]
[Black "Mendez Fortes, Eduardo Jesus"]
[Result "1-0"]
[Board "31"]
[TimeControl "180+1"]
[WhiteFideId "34137910"]
[BlackFideId "3502376"]
[WhiteElo "2873"]
[BlackElo "2599"]
[WhiteTeam "FID"]
[BlackTeam "CUB"]
[WhiteClock "0:00:07"]
[BlackClock "0:00:15"]

1. e4 e5 2. Nf3 Nc6 3. Bb5 a6 4. Ba4 Nf6 5. O-O Nxe4 6. d4 b5 7. Bb3 d5 8. dxe5 Be6 9. c3 Bc5 10. Nbd2 O-O 11. Bc2 Nxf2 12. Rxf2 Bxf2+ 13. Kxf2 f6 14. Nf1 fxe5 15. Kg1 Bg4 16. Ne3 Be6 17. b3 d4 18. cxd4 Nxd4 19. Nxd4 Qxd4 20. Qxd4 exd4 21. Nd1 c5 22. Ba3 Rac8 23. Nf2 Rfd8 24. Re1 Bf7 25. Ne4 c4 26. Nd6 Rc7 27. bxc4 bxc4 28. Bf5 Bd5 29. Re5 Ba8 30. Be6+ Kh8 31. Bxc4 d3 32. Bxd3 h6 33. h4 Kg8 34. Bg6 Rc3 35. Bb4 Rg3 36. Be4 a5 37. Bxa8 axb4 38. Bd5+ Kh7 39. Nf5 Ra3 40. Bb3 Ra7 41. Re4 Rb7 42. h5 Kh8 43. Kh2 Kh7 44. Kh3 Rd3+ 45. g3 Rd8 46. Kg4 Kh8 47. Ne7 Kh7 48. Re5 Rc7 49. Re4 Rb7 50. Bc2 Kh8 51. Ng6+ Kg8 52. Bb3+ Kh7 53. Nf4 Rb5 54. Ne6 Rc8 55. Bc4 Rb6 56. Bb3 Rb5 57. Rd4 Rb7 58. Kf5 Rb5+ 59. Kf4 Rb7 60. Ke5 Rb5+ 61. Kd6 Rb6+ 62. Ke7 Ra8 63. Rd7 Kh8 64. Kf7 Rg8 65. g4 Rb5 66. Nf8 Rc5 67. Ng6+ Kh7 68. Bd5 Rc1 69. Be4 Rf1+ 70. Bf5 Ra8 71. Ne5+ Kh8 72. Rd6 Ra7+ 73. Kg6 Ra8 74. Rb6 Re1 75. Nf7+ Kg8 76. Be6 Kf8 77. Bd5 Rae8 78. Nd6 Rd8 79. Bb3 Re5 80. Nf5 Re4 81. Rb7 Rxg4+ 82. Kh7 Rg5 83. Rf7+ Ke8 84. Nxg7+ Rxg7+ 85. Kxg7 Rd6 86. Rf6 Rd4 87. Kxh6 Ke7 88. Rg6 Kf8 89. Kh7 Rd7+ 90. Kh8 Rd4 91. h6 Rf4 92. h7 Ke7 93. Kg7 Rf8 94. h8=Q 1-0

[Event "December 12 Late 2023"]
[Site "https://www.chess.com"]
[Date "2023.12.12"]
[Round "3"]
[White "Kamsky, Gata"]
[Black "Sivakumar, Shaaketh"]
[Result "1-0"]
[Board "32"]
[TimeControl "180+1"]
[WhiteFideId "2000024"]
[BlackFideId "30940176"]
[WhiteElo "2860"]
[BlackElo "2583"]
[WhiteTeam "USA"]
[BlackTeam "USA"]
[WhiteClock "0:01:07"]
[BlackClock "0:00:19"]

1. e4 e6 2. d4 d5 3. Nc3 Bb4 4. e5 Ne7 5. a3 Bxc3+ 6. bxc3 c5 7. Bd3 Qa5 8. Bd2 c4 9. Be2 Qa4 10. Nh3 Nbc6 11. Nf4 Bd7 12. Nh5 Rg8 13. O-O O-O-O 14. Re1 Rdf8 15. Bg4 Nd8 16. Bg5 Nec6 17. Bh3 h6 18. Bd2 Ne7 19. Re3 f6 20. exf6 gxf6 21. Rf3 Rg6 22. Rg3 Rfg8 23. Qb1 Ndc6 24. Qb2 e5 25. Bxd7+ Kxd7 26. Qxb7+ Kd6 27. dxe5+ fxe5 28. Qb2 Nf5 29. Rxg6+ Rxg6 30. Ng3 Nxg3 31. hxg3 h5 32. Rd1 Rg8 33. Be3 Qa5 34. Qc1 Qxc3 35. Bd2 Qd4 36. Bb4+ Nxb4 37. Rxd4 exd4 38. axb4 Rb8 39. Qf4+ 1-0

[Event "December 12 Late 2023"]
[Site "https://www.chess.com"]
[Date "2023.12.12"]
[Round "3"]
[White "Riehle, Marco"]
[Black "Janaszak, Dawid"]
[Result "0-1"]
[Board "33"]
[TimeControl "180+1"]
[WhiteFideId "12904392"]
[BlackFideId "1119206"]
[WhiteElo "2859"]
[BlackElo "2581"]
[WhiteTeam "GER"]
[BlackTeam "POL"]
[WhiteClock "0:00:00"]
[BlackClock "0:01:27"]

1. e4 c5 2. a3 b6 3. b4 Bb7 4. d3 e5 5. Nf3 d6 6. Be2 Nf6 7. O-O Be7 8. c4 O-O 9. Nc3 Nc6 10. Nd5 Nxd5 11. cxd5 Nd4 12. Nxd4 cxd4 13. f4 Bf6 14. Bg4 Bc8 15. Bd2 Bxg4 16. Qxg4 Qc8 17. Qxc8 Rfxc8 18. Rac1 Kf8 19. a4 Ke8 20. Rc6 Rxc6 21. dxc6 Kd8 22. b5 Kc7 0-1

[Event "December 12 Late 2023"]
[Site "https://www.chess.com"]
[Date "2023.12.12"]
[Round "3"]
[White "Przybylski, Wojciech"]
[Black "Gabuzyan, Hovhannes"]
[Result "1-0"]
[Board "34"]
[TimeControl "180+1"]
[WhiteFideId "1117599"]
[BlackFideId "13303732"]
[WhiteElo "2560"]
[BlackElo "2850"]
[WhiteTeam "POL"]
[BlackTeam "ARM"]
[WhiteClock "0:00:03"]
[BlackClock "0:00:02"]

1. e4 c5 2. Nf3 e6 3. b3 Nf6 4. e5 Nd5 5. Nc3 Nxc3 6. dxc3 Nc6 7. Bb2 Be7 8. Bd3 O-O 9. Qe2 f5 10. O-O-O a6 11. Rhg1 b5 12. c4 Nb4 13. Kb1 Bb7 14. Nd2 Qc7 15. f4 Nxd3 16. Qxd3 b4 17. g4 a5 18. gxf5 Rxf5 19. Ne4 Bxe4 20. Qxe4 Raf8 21. Rg4 a4 22. Rdg1 g6 23. h4 Qc6 24. Qe3 Kf7 25. Rd1 Ra8 26. Qd3 Ra7 27. Qg3 Qa6 28. Rg1 axb3 29. axb3 Ke8 30. h5 Rxh5 31. Rxg6 hxg6 32. Qxg6+ Kd8 33. Qxh5 Qc6 34. Qf7 Bh4 35. Rd1 Bf2 36. f5 exf5 37. e6 Bd4 38. e7+ Kc7 39. e8=Q Kb6 40. Qd8+ Rc7 41. Rxd4 cxd4 42. Bxd4+ Kb7 43. Qa8+ Kxa8 44. Qxf5 Kb7 45. Qa5 Qa6 46. Qxb4+ Kc8 47. Qf8+ Kb7 48. Qb4+ Kc8 49. Qf8+ Kb7 50. Qf3+ Qc6 51. Qf5 d6 52. Kb2 Qd7 53. Qa5 Qc6 54. Qa7+ Kc8 55. Qa5 Kd7 56. Qf5+ Ke8 57. Qe6+ Kf8 58. Qf6+ Ke8 59. Qe6+ Kf8 60. Be3 Rf7 61. Bh6+ Rg7 62. Qf6+ Ke8 63. Qxg7 Qe4 64. Qh8+ Kd7 65. Qg7+ Kc6 66. Bd2 Kb6 67. Bc3 Kc6 68. Qf6 Qe2 69. Qh8 Qe6 70. Qa8+ Kd7 71. Qb7+ Ke8 72. Qd5 Qd7 73. Qd4 Kd8 74. Qe4 Kc8 75. Ba5 Qf7 76. Qc6+ Kb8 77. Qxd6+ Ka7 78. Qc5+ 1-0

[Event "December 12 Late 2023"]
[Site "https://www.chess.com"]
[Date "2023.12.12"]
[Round "3"]
[White "Kazakouski, Valery"]
[Black "Sroczynski, Maciej"]
[Result "1-0"]
[Board "35"]
[TimeControl "180+1"]
[WhiteFideId "13507443"]
[BlackFideId "1121472"]
[WhiteElo "2828"]
[BlackElo "2537"]
[WhiteTeam "LTU"]
[BlackTeam "POL"]
[WhiteClock "0:00:18"]
[BlackClock "0:00:24"]

1. Nf3 d5 2. c4 c6 3. g3 Nf6 4. Bg2 Bf5 5. Qb3 Qb6 6. d3 e6 7. O-O Nbd7 8. cxd5 exd5 9. Qc2 Be7 10. Nc3 O-O 11. e4 Bg4 12. Be3 Qa5 13. h3 Bxf3 14. Bxf3 Ne5 15. Be2 Rad8 16. d4 Nc4 17. Bxc4 dxc4 18. f3 b5 19. Ne2 Rfe8 20. b3 cxb3 21. axb3 Qb6 22. Bf2 Bb4 23. Rfc1 Rc8 24. Nf4 a5 25. Nd3 Qb7 26. Nxb4 axb4 27. Qc5 Qd7 28. Kg2 h5 29. Qxb4 h4 30. g4 Nxe4 31. fxe4 Rxe4 32. Re1 Rxg4+ 33. hxg4 Qxg4+ 34. Kf1 Qh3+ 35. Ke2 Qg2 36. Qe7 c5 37. Rg1 Qh2 38. Qe5 Qh3 39. Qxg7# 1-0

[Event "December 12 Late 2023"]
[Site "https://www.chess.com"]
[Date "2023.12.12"]
[Round "3"]
[White "Kujawski, Adam"]
[Black "Gorovets, Andrey"]
[Result "0-1"]
[Board "36"]
[TimeControl "180+1"]
[WhiteFideId "1100920"]
[BlackFideId "13504037"]
[WhiteElo "2356"]
[BlackElo "2827"]
[WhiteTeam "POL"]
[BlackTeam "BLR"]
[WhiteClock "0:00:00"]
[BlackClock "0:00:56"]

1. e4 c6 2. d4 d5 3. f3 Qb6 4. Nc3 dxe4 5. fxe4 e5 6. dxe5 Be6 7. Nf3 Nd7 8. a3 O-O-O 9. Bg5 f6 10. exf6 Ngxf6 11. Bd3 Nc5 12. Bxf6 gxf6 13. Qd2 Qxb2 14. Rb1 Qxa3 15. O-O Qa5 16. Ra1 Qb6 17. Kh1 Nxd3 18. cxd3 Bb4 19. Rfb1 a5 20. d4 Bg4 0-1

[Event "December 12 Late 2023"]
[Site "https://www.chess.com"]
[Date "2023.12.12"]
[Round "3"]
[White "Xiong, Jeffery"]
[Black "Sai Krishna G V"]
[Result "0-1"]
[Board "37"]
[TimeControl "180+1"]
[WhiteFideId "2047640"]
[BlackFideId "5028280"]
[WhiteElo "3041"]
[BlackElo "2703"]
[WhiteTeam "USA"]
[BlackTeam "IND"]
[WhiteClock "0:01:09"]
[BlackClock "0:00:45"]

1. e4 c5 2. Nf3 d6 3. Nc3 Nf6 4. d4 cxd4 5. Qxd4 Nc6 6. Qd3 e6 7. Bf4 Be7 8. O-O-O e5 9. Bg5 Be6 10. Bxf6 Bxf6 11. Qxd6 Qa5 12. Bb5 Rc8 13. Nxe5 Bxe5 14. Qxe5 O-O 15. Qd6 Rfd8 16. Qg3 Nd4 17. Bf1 Bxa2 18. Qe3 Qb4 19. Rxd4 Rxd4 20. Nxa2 Qa4 21. Nc3 Rxc3 0-1

[Event "December 12 Late 2023"]
[Site "https://www.chess.com"]
[Date "2023.12.12"]
[Round "3"]
[White "Tokhirjonova, Gulrukhbegim"]
[Black "Paravyan, David"]
[Result "0-1"]
[Board "38"]
[TimeControl "180+1"]
[WhiteFideId "14203626"]
[BlackFideId "4194985"]
[WhiteElo "2649"]
[BlackElo "3024"]
[WhiteTeam "USA"]
[BlackTeam "FID"]
[WhiteClock "0:00:03"]
[BlackClock "0:00:07"]

1. e4 e5 2. Nf3 Nf6 3. Nxe5 d6 4. Nf3 Nxe4 5. Nc3 Nxc3 6. dxc3 Be7 7. Be3 O-O 8. Bd3 Nd7 9. Qd2 Nc5 10. O-O-O Nxd3+ 11. Qxd3 Qd7 12. h3 Qf5 13. Rhe1 Qxd3 14. cxd3 Re8 15. d4 Be6 16. d5 Bd7 17. Nd4 Bf6 18. Kc2 a6 19. b3 h5 20. a4 Re5 21. c4 b5 22. axb5 axb5 23. Ra1 Rae8 24. Ra7 bxc4 25. bxc4 Re4 26. Rd1 c5 27. dxc6 Bxc6 28. Ra6 Bd7 29. Rxd6 Ba4+ 30. Kc1 Bxd1 31. Kxd1 Rc8 32. Nc6 Rxc4 33. Rxf6 gxf6 34. Ne7+ Kg7 35. Nxc8 Rxc8 36. Ke2 Kg6 37. h4 Kf5 38. Kf3 Rc3 39. g3 Rb3 40. Ke2 Kg4 41. Bd4 f5 42. Be3 Rb4 43. Bh6 Ra4 44. Be3 f4 45. gxf4 Kxh4 46. Kf3 f5 47. Bc5 Kh3 48. Be7 Rc4 49. Bf6 Rb4 50. Be7 Rb3+ 51. Ke2 Kg4 52. Bg5 Rf3 53. Bh6 h4 54. Bg5 h3 55. Kf1 Rd3 56. Kg1 Rd2 57. Bf6 Kxf4 58. Bg7 Kg4 59. Bh6 Rc2 60. Be3 f4 61. Bd4 Rd2 62. Bc5 Rd5 63. Bb6 Kf3 64. Kh2 Rd6 65. Bc5 Rg6 66. Bd4 Rg2+ 67. Kxh3 Rxf2 68. Be5 Rf1 69. Kh4 Ke2 70. Kg4 f3 71. Bg3 Rg1 0-1

[Event "December 12 Late 2023"]
[Site "https://www.chess.com"]
[Date "2023.12.12"]
[Round "3"]
[White "Crevatin, Leo"]
[Black "Makarian, Rudik"]
[Result "0-1"]
[Board "39"]
[TimeControl "180+1"]
[WhiteFideId "1726307"]
[BlackFideId "44105681"]
[WhiteElo "2628"]
[BlackElo "2925"]
[WhiteTeam "SWE"]
[BlackTeam "FID"]
[WhiteClock "0:00:01"]
[BlackClock "0:00:04"]

1. e4 c5 2. Nf3 d6 3. d4 cxd4 4. Qxd4 Nf6 5. Nc3 Nc6 6. Qd3 g6 7. Nd5 Bg7 8. c3 O-O 9. Bg5 Bg4 10. Bxf6 Bxf6 11. Nxf6+ exf6 12. Be2 Qb6 13. O-O Bxf3 14. Bxf3 Ne5 15. Qe2 Rfe8 16. Rfd1 Kg7 17. b3 Re6 18. g3 Nxf3+ 19. Qxf3 Qc6 20. Rd5 Rae8 21. Rad1 h5 22. h4 b6 23. c4 Rxe4 24. Rxd6 Re1+ 25. Kg2 Rg1+ 26. Rxg1 Qxd6 27. Rd1 Qe6 28. Rd5 Re7 29. a4 Qe1 30. Rd6 Qa1 31. Rd8 f5 32. Qd3 Re1 33. Qd4+ Qxd4 34. Rxd4 Rb1 35. Rd3 Kf6 36. f4 Ke6 37. Kf2 Rb2+ 38. Ke3 Ra2 39. Kd4 Kd6 40. Kc3+ Kc6 41. Re3 a5 42. Kd4 Kd6 43. Kc3 Kc6 44. Rd3 Rg2 45. b4 Ra2 46. Kb3 Ra1 47. b5+ Kc7 48. Re3 Rb1+ 49. Kc3 Kd6 50. Rd3+ Kc7 51. Re3 Rc1+ 52. Kd4 Kd6 53. Rd3 Ra1 54. c5+ Kc7 55. Kc4 Rxa4+ 56. Kd5 Rb4 57. cxb6+ Kxb6 58. Kd6 a4 59. Ke7 Rb3 60. Rd8 Rxg3 61. Rb8+ Ka7 62. Rd8 a3 63. Rd4 Kb6 64. Ra4 Kxb5 65. Ra8 Kb4 66. Kxf7 Kb3 0-1

[Event "December 12 Late 2023"]
[Site "https://www.chess.com"]
[Date "2023.12.12"]
[Round "3"]
[White "Grabinsky, Aaron"]
[Black "Estrada Nieto, Julian"]
[Result "1-0"]
[Board "40"]
[TimeControl "180+1"]
[WhiteFideId "2087090"]
[BlackFideId "5101018"]
[WhiteElo "2894"]
[BlackElo "2546"]
[WhiteTeam "USA"]
[BlackTeam "ESP"]
[WhiteClock "0:00:27"]
[BlackClock "0:00:00"]

1. e4 e5 2. Nf3 Nc6 3. Nc3 Nf6 4. d4 exd4 5. Nxd4 Bb4 6. Nxc6 bxc6 7. Bd3 d5 8. exd5 O-O 9. O-O cxd5 10. h3 c6 11. Qf3 Re8 12. Bf4 Bd6 13. Rad1 Rb8 14. b3 Be6 15. Ne2 c5 16. Rfe1 d4 17. c3 Bd5 18. Qg3 Nh5 19. Bxd6 Nxg3 20. Bxg3 Rb6 21. cxd4 cxd4 22. Nxd4 Rxe1+ 23. Rxe1 h5 24. Bc7 Qd7 25. Bxb6 axb6 26. Bb5 Qc7 27. Nf5 Be6 28. Ne3 Qc3 29. Re2 h4 30. Bc4 Bxc4 31. Nxc4 b5 32. Ne3 g6 33. Kf1 Kg7 34. Rc2 Qa1+ 35. Ke2 f5 36. Kf3 Kf6 37. Rc6+ Kg5 38. Rc5 Qxa2 39. Rxb5 Qa8+ 40. Ke2 Qe4 41. g4 hxg3 42. fxg3 Kh6 43. h4 Qc6 44. Rb4 Qd6 45. Rf4 Qa6+ 46. Nc4 Qa2+ 47. Nd2 Qa6+ 48. Ke3 Qb6+ 49. Rd4 Qe6+ 50. Kd3 Qa6+ 51. Nc4 Qa1 52. b4 Qb1+ 53. Kc3 Qc1+ 54. Kb3 Qb1+ 55. Nb2 1-0

[Event "December 12 Late 2023"]
[Site "https://www.chess.com"]
[Date "2023.12.12"]
[Round "3"]
[White "Demchenko, Anton"]
[Black "Rodgers, Jack"]
[Result "1/2-1/2"]
[Board "41"]
[TimeControl "180+1"]
[WhiteFideId "4160258"]
[BlackFideId "3220885"]
[WhiteElo "2884"]
[BlackElo "2528"]
[WhiteTeam "SLO"]
[BlackTeam "AUS"]
[WhiteClock "0:00:28"]
[BlackClock "0:00:07"]

1. e4 c5 2. Nf3 g6 3. Bc4 Bg7 4. c3 e6 5. d4 cxd4 6. Nxd4 d5 7. exd5 exd5 8. Bb5+ Bd7 9. O-O Ne7 10. Bg5 O-O 11. Re1 Re8 12. Na3 h6 13. Bh4 a6 14. Bf1 g5 15. Bg3 Nbc6 16. Nac2 Nf5 17. Rxe8+ Qxe8 18. Nxf5 Bxf5 19. Ne3 Be6 20. Nxd5 Rd8 21. c4 Nb4 22. h4 Nxd5 23. cxd5 Bxd5 24. Qh5 f5 25. Qxe8+ Rxe8 26. hxg5 hxg5 27. Bd6 Bxb2 28. Rb1 Be5 29. Bxe5 Rxe5 30. a3 b5 31. Rc1 Kf7 32. Rc7+ Kf6 33. Ra7 Re6 34. f3 Rc6 35. Kf2 Bc4 36. Be2 Bxe2 37. Kxe2 Ke5 38. g3 f4 39. gxf4+ gxf4 40. Kd3 Rd6+ 41. Kc3 Rc6+ 42. Kd3 Rd6+ 43. Kc3 Rc6+ 44. Kd3 1/2-1/2

[Event "December 12 Late 2023"]
[Site "https://www.chess.com"]
[Date "2023.12.12"]
[Round "3"]
[White "Mikaelyan, Arman"]
[Black "Sanchez Enriquez, Oscar Gerardo"]
[Result "0-1"]
[Board "42"]
[TimeControl "180+1"]
[WhiteFideId "13304852"]
[BlackFideId "5106311"]
[WhiteElo "2843"]
[BlackElo "2485"]
[WhiteTeam "ARM"]
[BlackTeam "MEX"]
[WhiteClock "0:00:03"]
[BlackClock "0:00:17"]

1. d4 d6 2. Nf3 Bg4 3. e4 Nf6 4. Bd3 Nbd7 5. h3 Bh5 6. Nc3 e5 7. g4 Bg6 8. h4 h6 9. h5 Bh7 10. dxe5 Nxe5 11. Nxe5 dxe5 12. Be3 c6 13. f3 Qa5 14. Kf2 Bc5 15. Qe2 Nd7 16. a3 f6 17. Rhd1 Bg8 18. b4 Bxe3+ 19. Qxe3 Qb6 20. Na4 Qxe3+ 21. Kxe3 Ke7 22. Be2 Be6 23. Rd2 b5 24. Nb2 a5 25. c3 Ra7 26. Rc1 Rha8 27. Nd3 Bc4 28. Nc5 Nxc5 29. bxc5 Bxe2 30. Kxe2 Rd7 31. Rxd7+ Kxd7 32. Rb1 Kc7 33. Kd2 Rd8+ 34. Ke3 Kb7 35. Rc1 Ka6 36. f4 exf4+ 37. Kxf4 Re8 38. Rd1 Re5 39. Rd7 Rg5 40. Rc7 Rxc5 41. Rxg7 Rxc3 42. Rg6 b4 43. axb4 axb4 44. Rxh6 b3 45. Rh8 Kb7 46. Rh7+ Kb6 47. Rh8 Ka7 48. Rh7+ Ka6 49. Rh8 c5 50. h6 Rh3 51. h7 c4 52. Ra8+ Kb7 53. Ra4 Rxh7 54. Rxc4 Ka6 55. Rc1 Rb7 56. Kf5 Rb6 57. Rb1 Ka5 58. e5 fxe5 59. Kxe5 Ka4 60. Kf5 Ka3 61. g5 Ka2 62. g6 Kxb1 63. g7 Rb8 64. Ke6 b2 65. g8=Q Rxg8 0-1

[Event "December 12 Late 2023"]
[Site "https://www.chess.com"]
[Date "2023.12.12"]
[Round "3"]
[White "Haydon, David L"]
[Black "Federzoni, Enzo"]
[Result "1-0"]
[Board "43"]
[TimeControl "180+1"]
[WhiteFideId "415405"]
[BlackFideId "2173301"]
[WhiteElo "2750"]
[BlackElo "2453"]
[WhiteTeam "ENG"]
[BlackTeam "BRA"]
[WhiteClock "0:02:13"]
[BlackClock "0:02:10"]

1. d4 d5 2. Nf3 e6 3. c4 Nf6 4. Nc3 Be7 5. cxd5 exd5 6. Bf4 O-O 7. Qc2 c6 8. e3 Re8 9. Bd3 Nbd7 10. O-O Nf8 11. h3 Bd6 12. Be5 Ng6 13. Bxd6 Qxd6 14. Rab1 a5 15. a3 Ne7 16. b4 axb4 17. axb4 g6 18. b5 Bf5 19. Bxf5 Nxf5 20. bxc6 Qxc6 21. Ne5 Qc7 22. Qb3 1-0

[Event "December 12 Late 2023"]
[Site "https://www.chess.com"]
[Date "2023.12.12"]
[Round "3"]
[White "Bardyk, Artem"]
[Black "Mesquita, Eduardo Barbosa"]
[Result "0-1"]
[Board "44"]
[TimeControl "180+1"]
[WhiteFideId "34349979"]
[BlackFideId "22757163"]
[WhiteElo "2746"]
[BlackElo "2393"]
[WhiteTeam "RUS"]
[BlackTeam "BRA"]
[WhiteClock "0:00:05"]
[BlackClock "0:00:37"]

1. e4 c5 2. c3 Nf6 3. e5 Nd5 4. Nf3 e6 5. Bc4 d6 6. d4 cxd4 7. cxd4 Be7 8. O-O O-O 9. Bd2 Nc6 10. Nc3 Nb6 11. Bb3 Re8 12. Qe2 Na5 13. Bc2 Nac4 14. Rfe1 Nxb2 15. exd6 Bxd6 16. Ng5 g6 17. Nxh7 Qh4 18. g3 Qxh7 19. Ne4 Be7 20. Bb4 f5 21. Bxe7 Qxe7 22. Nc5 N2c4 23. Bb3 Na5 24. Qb5 Nxb3 25. Qxb3 Nd5 26. Re5 b6 27. Nd3 Nf6 28. Nf4 Ng4 29. Re2 g5 30. Nd5 Qh7 31. h4 Ba6 32. Rxe6 Rxe6 33. Rc1 Qf7 34. Rc7 Re1+ 35. Kg2 Bf1+ 36. Kf3 Nh2# 0-1

[Event "December 12 Late 2023"]
[Site "https://www.chess.com"]
[Date "2023.12.12"]
[Round "3"]
[White "Shuvalova, Polina"]
[Black "Luxama, Jacques Muller"]
[Result "1-0"]
[Board "45"]
[TimeControl "180+1"]
[WhiteFideId "24171760"]
[BlackFideId "11900113"]
[WhiteElo "2733"]
[BlackElo "2143"]
[WhiteTeam "RUS"]
[BlackTeam "HAI"]
[WhiteClock "0:02:00"]
[BlackClock "0:00:41"]

1. e4 c5 2. Nf3 d6 3. Bb5+ Bd7 4. Bxd7+ Qxd7 5. O-O Nc6 6. c3 Nf6 7. Re1 e6 8. d4 cxd4 9. cxd4 d5 10. e5 Ne4 11. a3 Be7 12. Nbd2 Nxd2 13. Bxd2 O-O 14. Re3 Rfc8 15. h4 Qd8 16. h5 h6 17. Rc1 Na5 18. Bxa5 Qxa5 19. Rec3 Qd8 20. Qc2 Rxc3 21. Qxc3 Bg5 22. Rc2 a5 23. g3 Rb8 24. Qc7 Qxc7 25. Rxc7 Bd8 26. Rc3 Kf8 27. Ne1 Ke8 28. Nd3 b6 29. a4 Kd7 30. f4 Be7 31. Kf2 Rc8 32. Rxc8 Kxc8 33. b3 Kd7 34. g4 Bd8 35. Kf3 Be7 36. Nc1 Ba3 37. Ne2 Be7 38. Nc3 Bb4 39. Nb5 Kc6 40. Na7+ Kb7 41. Nb5 Kc6 42. Ke3 Be1 43. Nd6 f6 44. exf6 gxf6 45. Nf7 Bb4 46. Nxh6 Kd7 47. Ng8 1-0

[Event "December 12 Late 2023"]
[Site "https://www.chess.com"]
[Date "2023.12.12"]
[Round "3"]
[White "Onyshchuk, Volodymyr"]
[Black "Bhandari, Krish"]
[Result "1-0"]
[Board "46"]
[TimeControl "180+1"]
[WhiteFideId "14114038"]
[BlackFideId "30955106"]
[WhiteElo "2710"]
[BlackElo "2121"]
[WhiteTeam "UKR"]
[BlackTeam "USA"]
[WhiteClock "0:00:25"]
[BlackClock "0:00:06"]

1. e4 e5 2. Nf3 Nc6 3. Bc4 Nf6 4. d3 Be7 5. O-O O-O 6. Re1 d6 7. c3 Na5 8. Bb5 a6 9. Ba4 b5 10. Bc2 c5 11. Nbd2 Re8 12. Nf1 h6 13. Ng3 Bf8 14. h3 g6 15. Be3 Bg7 16. Qd2 Kh7 17. Rad1 Qc7 18. b3 Bb7 19. d4 exd4 20. cxd4 Nxe4 21. Bxe4 Bxe4 22. dxc5 dxc5 23. Bf4 Qc6 24. Qxa5 Bxf3 25. gxf3 Qxf3 26. Rxe8 Rxe8 27. Qd2 Bc3 28. Qd7 Rf8 29. Qd3 Qxf4 30. Qxc3 c4 31. bxc4 bxc4 32. Rd4 Qe5 33. Rxc4 Qe6 34. Ne4 Rd8 35. Nf6+ Kg7 36. Nh5+ Kf8 37. Qh8+ Ke7 38. Rc7+ Rd7 39. Rxd7+ Kxd7 40. Qd4+ Ke7 41. Qb4+ Kd7 42. Qa4+ Kc7 43. Nf4 Qe1+ 44. Kg2 a5 45. Qc4+ Kb7 46. Qxf7+ Ka6 47. Qxg6+ Kb5 48. Qf5+ Ka4 49. Qc2+ Ka3 50. Qb3# 1-0

[Event "December 12 Late 2023"]
[Site "https://www.chess.com"]
[Date "2023.12.12"]
[Round "3"]
[White "Carlsen, Magnus"]
[Black "Reprintsev, Alexander"]
[Result "1-0"]
[Board "47"]
[TimeControl "180+1"]
[WhiteFideId "1503014"]
[BlackFideId "14100541"]
[WhiteElo "3317"]
[BlackElo "2515"]
[WhiteTeam "NOR"]
[BlackTeam "UKR"]
[WhiteClock "0:01:55"]
[BlackClock "0:01:07"]

1. d4 d5 2. c4 e5 3. Nf3 e4 4. Nfd2 c6 5. Nc3 Nf6 6. cxd5 cxd5 7. Nb3 Nc6 8. Bg5 Bb4 9. e3 h6 10. Bh4 a6 11. Be2 Be6 12. O-O O-O 13. Rc1 Rc8 14. Nc5 Bxc5 15. dxc5 Ne5 16. Bg3 Nd3 17. Bxd3 exd3 18. Bd6 Bf5 19. Bxf8 Qxf8 20. b4 a5 21. Nb5 axb4 22. Nd6 Bg6 23. Nxc8 Qxc8 24. Qd2 Ne4 25. Qxd3 Nxf2 26. Qxd5 Ng4 27. Qd4 Qe6 28. h3 Nf6 29. Rf2 Ne4 30. Rb2 Nc3 31. Rxc3 bxc3 32. Qxc3 Be4 33. Qd4 Bc6 34. a4 Qf5 35. a5 h5 36. Rf2 Qb1+ 37. Kh2 Qb3 38. Qd8+ Kh7 39. Qg5 g6 40. Qf6 Bd5 41. e4 Be6 42. a6 bxa6 43. Rb2 Qc4 44. Rb8 1-0

[Event "December 12 Late 2023"]
[Site "https://www.chess.com"]
[Date "2023.12.12"]
[Round "3"]
[White "Svane, Frederik"]
[Black "Krzywda, Andrzej"]
[Result "1-0"]
[Board "48"]
[TimeControl "180+1"]
[WhiteFideId "12923044"]
[BlackFideId "1114565"]
[WhiteElo "2966"]
[BlackElo "2514"]
[WhiteTeam "GER"]
[BlackTeam "POL"]
[WhiteClock "0:00:08"]
[BlackClock "0:00:04"]

1. d4 d5 2. Nf3 Nf6 3. c4 dxc4 4. e3 e6 5. Bxc4 c5 6. O-O Nc6 7. dxc5 Qxd1 8. Rxd1 Bxc5 9. a3 O-O 10. b4 Be7 11. Bb2 Bd7 12. Nbd2 Rfd8 13. Rac1 Rac8 14. Kf1 Be8 15. Ke2 Nd5 16. g4 Nb6 17. Bb3 Nb8 18. Bd4 Bb5+ 19. Ke1 Na4 20. Ne5 Bf6 21. Ne4 Be7 22. Rxc8 Rxc8 23. Bxa7 Nb2 24. Nd6 Bxd6 25. Rxd6 Nc6 26. Nxc6 bxc6 27. Kd2 Nc4+ 28. Bxc4 Bxc4 29. a4 Bd5 30. Bc5 f6 31. Kc3 Kf7 32. Rd7+ Kg6 33. a5 Ra8 34. h4 Bf3 35. h5+ Kh6 36. Ra7 Rxa7 37. Bxa7 Be2 38. Bb8 Kg5 39. Kd4 Kxg4 40. Kc5 Bb5 41. Kb6 Kxh5 42. a6 Bxa6 43. Kxa6 g5 44. Kb7 Kg4 45. Kxc6 h5 46. b5 h4 47. b6 h3 48. b7 e5 49. Bxe5 fxe5 50. b8=Q h2 51. Qh8 Kf3 52. Qxh2 e4 53. Qg3+ Ke2 54. Kd5 Kf1 55. Kxe4 g4 56. Kd3 Ke1 57. Qg1# 1-0